 Dungeon Crawl Stone Soup version 0.28-a0-674-gdaf460b524 (webtiles) character file.

Game seed: 10376397308027809235

189 timneilson the Covered (level 5, -1/33 HPs)
             Began as a Gargoyle Fighter on Oct 17, 2021.
             Slain by a gnoll (8 damage)
             ... on level 3 of the Dungeon.
             The game lasted 00:04:44 (2764 turns).

timneilson the Covered (Gargoyle Fighter)           Turns: 2764, Time: 00:04:45

Health: -1/33      AC: 14    Str: 21    XL:     5   Next: 68%
Magic:  5/5        EV: 10    Int:  8    God:
Gold:   115        SH:  4    Dex:  9    Spells: 4/4 levels left

rFire   . . .      SeeInvis .   a - +0 long sword
rCold   . . .      Faith    .   c - +0 buckler
rNeg    + . .      Spirit   .   b - +0 scale mail
rPois   ∞          Reflect  .   h - +0 helmet
rElec   +          Harm     .   i - +0 cloak
rCorr   .          Rampage  .   f - +0 pair of gloves
Will    .....                   (no boots)
Stlth   ..........              (no amulet)
HPRegen 0.11/turn               (no ring)
MPRegen 0.09/turn               (no ring)

@: mighty
A: sickness immunity, AC +4, negative energy resistance 1, electricity
resistance, torment resistance 1, petrification resistance
a: no special abilities


You were on level 3 of the Dungeon.
You visited 1 branch of the dungeon, and saw 3 of its levels.

You collected 115 gold pieces.

Inventory:

Hand Weapons
 a - a +0 long sword (weapon)
Armour
 b - a +0 scale mail (worn)
 c - a +0 buckler (worn)
 f - a +0 pair of gloves (worn)
 g - a +0 plate armour
 h - a +0 helmet (worn)
 i - a +0 cloak (worn)
Scrolls
 e - a scroll of blinking
 j - a scroll of identify
 k - a scroll of teleportation {unknown}


   Skills:
 + Level 3.8 Fighting
 * Level 3.0 Long Blades
 * Level 4.4 Armour
 + Level 1.3 Dodging
 * Level 4.3 Shields


You had 4 spell levels left.
You didn't know any spells.
Your spell library was empty.

Dungeon Overview and Level Annotations

Branches:
Dungeon (3/15)

Altars:

Portals:
Sewer: D:3


Innate Abilities, Weirdness & Mutations

You are immune to sickness and miasma.
Your stone body is resilient. (AC +4)
You are immune to poison.
You resist negative energy. (rN+)
You are resistant to electric shocks. (rElec)
You are resistant to unholy torment.
You are immune to petrification.


Message History

You block the gnoll's attack.
The jackal bites you but does no damage.
The rat bites you.
The jackal closely misses you. x2; The adder misses you.
The jackal bites you but does no damage.
The jackal misses you. The jackal closely misses you.
The jackal bites you but does no damage.
Things that are here:
a +0 flail; a ball python corpse; a gnoll corpse The jackal bites you but does no damage.
The goblin hits you but does no damage. You block the gnoll's attack.
The ball python bites you but does no damage.
The ball python misses you. The jackal misses you.
The goblin barely misses you.
A gnoll comes into view. It is wielding a +0 spear.
The gnoll shouts!
The adder completely misses you.
A gnoll comes into view. It is wielding a +0 spear.
You block the jackal's attack.
The gnoll shouts!
You block the gnoll's attack.
You hit the gnoll.
The gnoll is heavily wounded.
The jackal bites you but does no damage.
The gnoll hits you but does no damage. You block the jackal's attack.
You barely miss the gnoll.
The gnoll is heavily wounded.
The jackal pauses to sniff the ground.
The gnoll hits you but does no damage. x2; The jackal bites you.
The gnoll hits you with a +0 spear.
* * * LOW HITPOINT WARNING * * *
Unknown command.
You slash the gnoll!
You kill the gnoll!
The jackal bites you but does no damage.
The gnoll barely misses you. The jackal bites you.
* * * LOW HITPOINT WARNING * * *
The gnoll hits you but does no damage.
Unknown command.
The gnoll hits you with a +0 spear!
You die...

##############'#.#..*,,....,..,,,
.................##.*,**,,**,****
............rh.......,,,,,**,****
.#≈..#......S.#####.#,*,,,**,,,,,
.≈≈≈≈≈.)..g...gS# *,..*,,,*******
≈≈≈≈≈≈≈#.######h# **,,*,,,*******
≈≈≈≈≈≈≈..#* #S# *,,*,,,,,,,,,,
≈≈≈∩≈≈≈...#####h#####.#.,,*******
≈≈≈≈≈≈≈........)@.......,,*
≈≈≈≈≈≈≈#.......g#####.#.*,*
.≈≈≈≈≈..........#****,*,*,*
.#...#..#........,,,,,,,*,*
,,,,,,,*#........,,,,,,,*,*
,,,,,,,*#######..,,,,,,,*,*******
,,,,,,,* ###.,,,,,**,*8,,,,,
,,,,,,,* *,,,,,,,*,*,,**,,
******** *******,*,*,,8*,,


You could see a gnoll, an adder, 2 jackals, a goblin and a ball python.

Vanquished Creatures
  Ijyb (D:3)
  Robin (D:2)
  5 gnolls
  2 adders (D:2)
  A worm (D:2)
  3 dart slugs
  7 endoplasms
  3 giant cockroaches
  14 goblins
  11 hobgoblins
  4 jackals
  2 quokkas
  4 ball pythons
  3 bats
  A frilled lizard (D:1)
  5 kobolds
  4 rats
71 creatures vanquished.

Notes
Turn   | Place    | Note
-------+----------+-------------------------------------------
     0 | D:1      | timneilson the Gargoyle Fighter began the quest for the
                  | Orb.
     0 | D:1      | Reached XP level 1. HP: 14/14 MP: 1/1
   401 | D:1      | Reached XP level 2. HP: 14/19 MP: 2/2
  1067 | D:1      | Found a faded altar of an unknown god.
  1162 | D:2      | Reached XP level 3. HP: 23/23 MP: 3/3
  1339 | D:2      | Noticed Robin
  1349 | D:2      | Killed Robin
  1369 | D:2      | Reached XP level 4. HP: 15/28 MP: 4/4
  1841 | D:2      | Reached skill level 1 in Dodging
  2073 | D:2      | Reached XP level 5. HP: 33/33 MP: 5/5
  2364 | D:3      | Noticed Ijyb
  2419 | D:3      | Killed Ijyb
  2734 | D:3      | Found a glowing drain.
  2764 | D:3      | Slain by a gnoll

Illustrated notes

Levels and vault maps discovered:
D:1:      minmay_arrival_widening_spiral_wide, layout_basic,
          ebering_ecumenical_altar_hall
D:2:      layout_loops_ring, due_unseen_surprise, uniq_robin
D:3:      layout_basic, cheibrodos_sewer_entry_drain,
          biasface_ghost_orc_armoury, uniq_ijyb

Skill      XL: |  1  2  3  4  5 |
---------------+----------------+-----
Long Blades    | 2 3 |  3.0
Armour         | 4 |  4.4
Dodging        | 1 |  1.3
Shields        | 4 |  4.3
Fighting       | |  3.8

Action                   |  1- 3 |  4- 6 || total
-------------------------+-------+-------++-------
Melee: Long sword        |   121 |   110 ||   231
       Unarmed           |       |    29 ||    29
  Use: Scroll            |     4 |     3 ||     7
       Potion            |       |     2 ||     2
Armor: Scale mail        |    62 |    97 ||   159
       Skin              |       |     1 ||     1
Dodge: Dodged            |    51 |   101 ||   152
Block: Buckler           |    25 |    42 ||    67

Table legend: (Time is in decaauts)
 A = Elapsed time spent in this place.
 B = Non-inter-level travel time spent in this place.
 C = Inter-level travel time spent in this place.
 D = Time resting spent in this place.
 E = Time spent auto-exploring this place.
 F = Levels seen in this place.
 G = Mean time per level.
                   A        B        C        D        E       F      G
               +--------+--------+--------+--------+--------+-----+--------+
         Total |   2824 |   2750 |     74 |    246 |   1844 |   3 |  941.3 |
       Dungeon |   2824 |   2750 |     74 |    246 |   1844 |   3 |  941.3 |
               +--------+--------+--------+--------+--------+-----+--------+

Top non-repeatable levels by time:
     D:2: 1441 daAuts
     D:1: 1173 daAuts
     D:3: 208 daAuts
